 Dungeon Crawl Stone Soup version 0.30-a0-534-gdc55766716 (webtiles) character file.

Game seed: 15292970975674736758

70 bande the Shield-Bearer (level 4, -12/29 HPs)
             Began as a Gargoyle Fighter on Dec 25, 2022.
             Killed by divine providence
             ... invoked by an orc priest
              (13 damage)
             ... on level 3 of the Dungeon.
             The game lasted 00:02:38 (1783 turns).

bande the Shield-Bearer (Gargoyle Fighter)          Turns: 1783, Time: 00:02:39

Health: -12/29     AC: 11    Str: 20    XL:     4   Next: 22%
Magic:  4/4        EV:  9    Int:  8    God:
Gold:   94         SH:  5    Dex: 17    Spells: 3/3 levels left

rFire   . . .      SeeInvis .    a - +0 war axe
rCold   . . .      Faith    .    c - +0 buckler
rNeg    + . .      Spirit   .    b - +0 scale mail
rPois   ∞          Reflect  .    l - +0 helmet
rElec   +          Harm     .    (no cloak)
rCorr   .          Rampage  .    (no gloves)
Will    .....                    (no boots) Stlth
                                 (no amulet)
HPRegen 0.24/turn                g - +6 ring of dexterity
MPRegen 0.09/turn                (no ring)

@: no status effects
A: sickness immunity, AC +3, negative energy resistance 1, electricity
resistance, torment resistance 1, petrification resistance
a: no special abilities


You were on level 3 of the Dungeon.
You visited 1 branch of the dungeon, and saw 3 of its levels.

You collected 94 gold pieces.

Inventory:

Hand Weapons
 a - a +0 war axe (weapon)
Armour
 b - a +0 scale mail (worn)
 c - a +0 buckler (worn)
 l - a +0 helmet (worn)
Jewellery
 g - a +6 ring of dexterity (left hand)
 n - a ring of fire
Scrolls
 f - a scroll of identify {unknown}
 i - a scroll of teleportation
 k - 2 scrolls of poison
 m - a scroll of noise {unknown}
Potions
 d - a potion of might
 e - 2 potions of curing {unknown}
 h - a potion of ambrosia {unknown}
 j - 2 potions of degeneration {unknown}


   Skills:
 + Level 3.8 Fighting
 + Level 2.5 Axes
 + Level 3.8 Armour
 + Level 4.0 Shields


You had 3 spell levels left.
You didn't know any spells.
Your spell library contained the following spells:

 Spells                   Type           Power      Damage    Failure   Level
 Necrotise                Necr           0%         1d4       85%         1
 Vampiric Draining        Necr           0%         2d6       99%         3
 Agony                    Necr           0%         N/A       100%        5


Dungeon Overview and Level Annotations

Branches:
Dungeon (3/15)

Altars:

Shops:
D:2 ([

Annotations:
D:3 Robin


Innate Abilities, Weirdness & Mutations

You are immune to sickness and miasma.
Your stone body is resilient. (AC +3)
You are immune to poison.
You resist negative energy. (rN+)
You are resistant to electric shocks. (rElec)
You are resistant to unholy torment.
You are immune to petrification.


Message History

The adder bites you but does no damage. x2
A goblin comes into view. It is wielding a +0 club.
The goblin hits you but does no damage.
The goblin moves out of view.
You completely miss the adder. You miss the adder. You barely miss the goblin.
The goblin shouts!
You block the adder's attack. The adder bites you.
The adder bites you but does no damage. The goblin closely misses you.
Robin throws the goblin at you! The adder bites you but does no damage.
You slash the adder!
The adder is almost dead.
You closely miss the goblin. You hit the adder. You barely miss the goblin.
You slash the goblin!
You kill the goblin!
The adder bites you but does no damage. The goblin hits you with a +0 club.
The adder bites you but does no damage. The goblin hits you with a +0 dagger.
The adder bites you but does no damage.
You closely miss the adder.
The adder is almost dead.
You barely miss the hobgoblin. You barely miss the goblin. You hit the adder.
You slash the goblin!
You kill the goblin!
The adder bites you but does no damage. The hobgoblin closely misses you.
The goblin hits you but does no damage.
The adder bites you but does no damage. x2
The orc priest miscasts a cantrip.
The hobgoblin barely misses you. The goblin hits you with a +0 club.
Robin points. "Kill!"
You block the adder's attack.
You are too injured to fight recklessly!
You are too injured to fight recklessly!
You are too injured to fight recklessly!
You are too injured to fight recklessly!
You are too injured to fight recklessly!
Unknown command.
The quokka attacks as you move away! You block the quokka's attack.
The orc priest calls down the wrath of Beogh upon you.
Beogh smites you!
* * * LOW HITPOINT WARNING * * *
The orc priest invokes the aid of Beogh against you.
Beogh smites you!
You die...

....... .####...
....... .......
....o.. ..#..#
..gog.. #.#..#
##og..... ....
#g.gg.... #..#
#Sg.o..# #..#
#########rSo# #.<#
#.......@g)## ##..#
#........g.#
###...###..........#
...................#
.......##..........#
..÷..........#######
..÷...........##
...............#
...............#


You could see Robin, 3 orc priests, 2 adders, 2 orcs, a quokka, 2 hobgoblins and
6 goblins.

Vanquished Creatures
  4 adders
  2 dart slugs
  2 endoplasms (D:3)
  A giant cockroach (D:1)
  4 goblins
  2 hobgoblins (D:1)
  4 jackals (D:3)
  3 ball pythons
  3 bats
  3 frilled lizards
  2 kobolds (D:2)
  2 rats (D:2)
32 creatures vanquished.

Notes
Turn   | Place    | Note
-------+----------+-------------------------------------------
     0 | D:1      | bande the Gargoyle Fighter began the quest for the Orb.
     0 | D:1      | Reached XP level 1. HP: 14/14 MP: 1/1
   829 | D:2      | Reached XP level 2. HP: 19/19 MP: 2/2
   984 | D:2      | Found Guov's Armour Emporium.
  1036 | D:2      | Reached XP level 3. HP: 23/23 MP: 3/3
  1048 | D:2      | Found Ahoocw's Antique Weapon Shoppe.
  1492 | D:3      | Reached XP level 4. HP: 14/29 MP: 4/4
  1493 | D:3      | Reached skill level 4 in Shields
  1777 | D:3      | Noticed Robin
  1783 | D:3      | HP: 1/29 [orc priest/divine providence (11)]
  1783 | D:3      | Killed from afar by an orc priest

Illustrated notes

Levels and vault maps discovered:
D:1:      elethiomel_arrival_quiet, layout_loops_corners, chequers_garden,
          grunt_decor_arrowhead
D:2:      layout_loops_cross, serial_shops, shop, nicolae_shop_statue_plus,
          grunt_ministairs_10
D:3:      cheibrodos_thug_alley, layout_rooms, uniq_terence, uniq_sigmund,
          uniq_robin

Skill      XL: |  1  2  3  4 |
---------------+-------------+-----
Axes           | 2 |  2.5
Shields        | 4 |  4.0
Fighting       | |  3.8
Armour         | |  3.8

Action                   |  1- 3 |  4- 6 || total
-------------------------+-------+-------++-------
Melee: War axe           |    70 |     8 ||    78
  Use: Scroll            |     3 |       ||     3
Armor: Scale mail        |    42 |    18 ||    60
Dodge: Dodged            |    43 |     3 ||    46
Block: Buckler           |    26 |     7 ||    33

Table legend: (Time is in decaauts)
 A = Elapsed time spent in this place.
 B = Non-inter-level travel time spent in this place.
 C = Inter-level travel time spent in this place.
 D = Time resting spent in this place.
 E = Time spent auto-exploring this place.
 F = Levels seen in this place.
 G = Mean time per level.
                   A        B        C        D        E       F      G
               +--------+--------+--------+--------+--------+-----+--------+
         Total |   1817 |   1779 |     38 |    260 |   1277 |   3 |  605.7 |
       Dungeon |   1817 |   1779 |     38 |    260 |   1277 |   3 |  605.7 |
               +--------+--------+--------+--------+--------+-----+--------+

Top non-repeatable levels by time:
     D:1: 834 daAuts
     D:2: 649 daAuts
     D:3: 334 daAuts
